AoeStats
← 根本赢不了

Black Forest

510277291Analyzed
4v4 RM · 24h ago on Sep 30, 2026· 40m 59s· 8 players
Game mode
Random Map
Map size
Large (8 player)
Population
200
Speed
Normal
Resources
Standard
Victory
Conquest
Starting age
Dark Age
Ending age
Imperial Age
RankedLock teamsTeams togetherTeam positionsShared explorationLock speedFull tech treeHidden civsTurbo modeCheats
Victory
Defeat
🇮🇳 Bohemians · India
1165
+13
🇨🇿 Khmer · Czechia
1103
+16
🇨🇳 Romans · China
1054
+19
🇨🇳 Danes · China
1054
+53
🇨🇳 Persians · China
1123
-17
1109
-17
🇦🇺 Britons · Australia
1096
-16
🇨🇳 Huns · China
1087
-16
5720638
1:22 Loom
10:52 Feudal Age
14:33 Castle Age
13:15 Double-Bit Axe
13:49 Horse Collar
23:14 Bloodlines
23:06 Husbandry
24:59 Scale Barding Armor
26:04 Chain Barding Armor
27:16 Bow Saw
27:37 Fletching
28:19 Bodkin Arrow
28:06 Crossbowman
离岛
4:09 Loom
11:21 Feudal Age
16:36 Castle Age
14:57 Double-Bit Axe
15:22 Horse Collar
15:57 Stone Mining
寻找迷失的爱
10:34 Feudal Age
11:52 Double-Bit Axe
12:27 Horse Collar
15:00 Castle Age
13:40 Gold Mining
14:02 Loom
14:20 Stone Mining
17:54 Bow Saw
21:26 Heavy Plow
23:12 Wheelbarrow
25:48 Hand Cart
27:41 Scale Barding Armor
30:25 Imperial Age
28:23 Bloodlines
28:16 Husbandry
28:30 Forging
28:51 Ballistics
29:38 Stone Shaft Mining
30:34 Chain Barding Armor
30:53 Iron Casting
30:33 Cavalier
32:35 Conscription
33:44 Plate Barding Armor
34:13 Chemistry
36:05 Crop Rotation
36:37 Two-Man Saw
36:07 Paladin
37:23 Town Watch
40:18 Fletching
40:29 Padded Archer Armor
Andy_Sai Gon
1:28 Loom
12:54 Feudal Age
16:40 Castle Age
15:26 Gold Mining
15:28 Double-Bit Axe
16:03 Stone Mining
20:58 Horse Collar
24:22 Wheelbarrow
24:45 Gold Shaft Mining
25:04 Bow Saw
26:34 Hand Cart
30:15 Imperial Age
28:08 Fletching
28:19 Padded Archer Armor
29:13 Ballistics
29:53 Heavy Plow
29:52 Bodkin Arrow
30:13 Leather Archer Armor
30:09 Forging
32:17 Chemistry
31:19 Bracer
32:30 Fortified Wall
32:39 Leather Archer Armor
33:17 Pikeman
33:18 Man-at-Arms
33:58 Squires
33:44 Gambesons
35:37 Two-Man Saw
34:17 Elite Skirmisher
35:30 Ring Archer Armor
36:27 Elite Longbowman
Lala Land
1:12 Loom
12:39 Feudal Age
17:01 Castle Age
15:49 Double-Bit Axe
15:46 Horse Collar
18:55 Bow Saw
24:31 Fervor
24:44 Heavy Plow
26:45 Wheelbarrow
30:32 Imperial Age
28:18 Hand Cart
28:31 Caravan
28:54 Town Watch
30:35 Chemistry
29:56 Ballistics
29:38 Fletching
29:49 Padded Archer Armor
29:54 Town Patrol
31:24 Guilds
32:18 Two-Man Saw
31:17 Elite Skirmisher
31:54 Bodkin Arrow
32:14 Leather Archer Armor
32:15 Siege Engineers
33:25 Bracer
33:56 Ring Archer Armor
34:15 Conscription
34:02 Wagenburg Tactics
34:37 Houfnice
39:59 Forging
39:50 Scale Mail Armor
根本赢不了
11:31 Feudal Age
13:03 Double-Bit Axe
15:21 Castle Age
13:18 Horse Collar
21:12 Scale Mail Armor
23:50 Chain Mail Armor
26:01 Forging
30:32 Iron Casting
30:59 Gold Mining
31:39 Bow Saw
31:31 Heavy Plow
32:25 Gold Shaft Mining
31:41 Stone Mining
37:28 Imperial Age
34:47 Loom
34:47 Town Watch
37:15 Squires
37:00 Arson
36:35 Pikeman
38:28 Wheelbarrow
38:32 Stone Shaft Mining
38:59 Plate Mail Armor
38:51 Conscription
38:23 Halberdier
41:35 Blast Furnace
DESTINNI
9:26 Feudal Age
10:49 Double-Bit Axe
15:03 Castle Age
16:18 Horse Collar
17:20 Heavy Plow
17:42 Loom
19:07 Gold Mining
19:29 Bow Saw
26:33 Wheelbarrow
25:43 Town Watch
30:50 Imperial Age
28:39 Hand Cart
29:09 Gold Shaft Mining
28:25 Stone Mining
33:39 Crop Rotation
37:29 Caravan
38:57 Pikeman
40:12 Scale Barding Armor
39:54 Halberdier
41:46 Chain Barding Armor
Q力山大一世
1:13 Loom
12:07 Feudal Age
14:29 Double-Bit Axe
16:45 Castle Age
17:44 Horse Collar
24:05 Wheelbarrow
26:45 Gold Mining
27:41 Hand Cart
30:22 Imperial Age
28:23 Bow Saw
29:06 Squires
28:26 Pikeman
29:10 Scale Mail Armor
29:20 Forging
29:26 Heavy Plow
29:59 Town Watch
30:54 Gold Shaft Mining
31:34 Conscription
32:19 Chemistry
31:39 Ballistics
31:31 Masonry
31:08 Capped Ram
32:29 Ballistas
33:29 Siege Engineers
32:52 Siege Ram
32:55 Halberdier
33:53 Chain Mail Armor
34:14 Iron Casting
34:27 Fletching
34:46 Heavy Scorpion
37:29 Blast Furnace
39:56 Masonry
Connection lost

Rejoining the realm…

Still unreachable

The connection could not be restored.

Session expired

The server has moved on; the page needs a fresh start.